 Dungeon Crawl Stone Soup version 0.29-a0-721-g7f417c9bbb (webtiles) character file.

Game seed: 4032331695311736633

6382 Shayle the Trooper (level 10, 0/94 HPs)
             Began as a Naga Warper on June 27, 2022.
             Was a Believer of Ashenzari.
             Succumbed to Amaemon's poison
             ... on level 9 of the Dungeon.
             The game lasted 00:49:54 (13026 turns).

Shayle the Trooper (Naga Warper)                   Turns: 13026, Time: 00:49:54

Health: 0/94       AC: 21    Str: 13    XL:     10   Next: 97%
Magic:  2/20       EV:  7    Int: 19    God:    Ashenzari [**....]
Gold:   610        SH:  5    Dex: 10    Spells: 11/23 levels left

rFire   . . .      SeeInvis +   q - +1 scythe (venom)
rCold   . . .      Faith    .   (shield currently unavailable)
rNeg    . . .      Spirit   .   z - +6 scale mail "Aqoagg" {Will+ SInv}
rPois   +          Reflect  +   s - +2 hat {SInv}
rElec   .          Harm     .   B - +1 cloak
rCorr   .          Rampage  .   (no gloves)
Will    ++...                   (no barding)
Stlth   +.........              o - amulet of the Eternal Ether {Reflect SH+5, Fort, Range} (curse)
HPRegen 0.25/turn               i - ring of Ashenzari's Black Moon {AC+4, Alch, Bglg} (curse)
MPRegen 0.17/turn               u - ring "Share My Levity" {Wiz, Self, Evo} (curse)

@: lethally poisoned (0 -> 0), very slow
A: AC +3, large, see invisible, deformed body, poison resistance, slowness 2,
spit poison 1, naga tail 1
a: Spit Poison, Renounce Religion, Shatter the Chains


You were on level 9 of the Dungeon.
You worshipped Ashenzari.
Ashenzari was pleased with you.
You visited 2 branches of the dungeon, and saw 10 of its levels.

You collected 1046 gold pieces.
You spent 436 gold pieces at shops.

Inventory:

Hand Weapons
 f - a +0 whip
 l - a +1 broad axe
 q - a +1 scythe of venom (weapon)
 A - a +2 quarterstaff of chaos
 C - a +2 rapier of protection
Missiles
 g - 29 poisoned darts
 k - 11 boomerangs (quivered)
Armour
 a - a +0 leather armour
 h - a +1 ring mail
 s - a +2 hat of see invisible (worn)
 t - the +0 robe of the Black Moon {rElec Int+8 Slay+2}
   (You found it on level 6 of the Dungeon)

   Int:       It affects your intelligence (+8).
   Slay:      It affects your accuracy & damage with ranged weapons and melee
   (+2).
   rElec:     It insulates you from electricity.
 x - a +0 helmet
 z - the +6 scale mail "Aqoagg" (worn) {Will+ SInv}
   (You took it off a wight on level 8 of the Dungeon)

   SInv:      It lets you see invisible.
   Will:      It increases your willpower.
 B - a +1 cloak (worn)
Jewellery
 i - the cursed ring of Ashenzari's Black Moon (left hand) {AC+4, Alch, Bglg}
   (You found it on level 1 of the Dungeon)

   [ring of protection]

   AC:        It affects your AC (+4).
   It has a curse which improves the following skills: Alchemy: Poison Magic and
   Transmutations.
   Beguiling: Conjurations, Hexes and Translocations.
 o - the cursed amulet of the Eternal Ether (around neck) {Reflect SH+5, Fort, Range}
   (You found it on level 3 of the Dungeon)

   [amulet of reflection]

   It reflects blocked missile attacks.
   SH:        It affects your SH (+5).
   It has a curse which improves the following skills: Fortitude: Armour and
   Shields.
   Ranged Combat: Ranged Weapons and Throwing.
 u - the cursed ring "Share My Levity" (right hand) {Wiz, Self, Evo}
   (You found it on level 6 of the Dungeon)

   [ring of wizardry]

   It improves your spell success rate.
   It has a curse which improves the following skills: Introspection: Fighting
   and Spellcasting.
   Evocations: Evocations.
Scrolls
 b - a scroll of poison
 n - 2 scrolls of fog
 p - 2 scrolls of amnesia
 r - 3 scrolls of teleportation
 v - 3 scrolls of identify
 y - 2 scrolls of vulnerability
 D - a scroll of enchant weapon
Potions
 c - a potion of magic
 d - a potion of haste
 e - 4 potions of brilliance
 j - 2 potions of cancellation
 m - a potion of might
 w - a potion of mutation


   Skills:
 + Level 6.3(7.5) Fighting
 + Level 5.6 Axes
 + Level 5.0(6.2) Throwing
 + Level 3.8(4.9) Armour
 - Level 1.5 Dodging
 - Level 4.5 Stealth
 - Level 2.9(4.0) Shields
 - Level 2.0 Unarmed Combat
 + Level 5.9(7.1) Spellcasting
 + Level 4.9(6.1) Conjurations
 - Level 3.0(4.1) Translocations
 + Level 3.6 Air Magic
 + Level 4.9 Earth Magic
 + Level 4.8(6.0) Poison Magic


You had 11 spell levels left.
You knew the following spells:

 Your Spells              Type           Power      Damage    Failure   Level
a - Blink                 Tloc           44%        N/A       4%          2
b - Stone Arrow           Conj/Erth      54%        3d10      5%          3
c - Mephitic Cloud        Conj/Pois/Air  26%        N/A       6%          3
d - Olgreb's Toxic Radia  Pois           29%        N/A       14%         4

Your spell library contained the following spells:

 Spells                   Type           Power      Damage    Failure   Level
 Poisonous Vapours        Pois/Air       50%        N/A       3%          2
 Gell's Gravitas          Tloc           22%        N/A       10%         3
 Lesser Beckoning         Tloc           22%        N/A       10%         3
 Teleport Other           Tloc           22%        N/A       10%         3
 Ozocubu's Armour         Ice            6%         N/A       43%         3
 Animate Armour           Summ/Erth      32%        N/A       50%         4
 Manifold Assault         Tloc           22%        N/A       61%         5
 Ozocubu's Refrigeration  Ice            3%         4d5       100%        7
 Lehudib's Crystal Spear  Conj/Erth      13%        10d5      100%        8


Dungeon Overview and Level Annotations

Branches:
Dungeon (9/15)             Temple (1/1) D:5
   Lair: D:8-11         Orc: D:9-12

Altars:
Ashenzari
Cheibriados
Dithmenos
Elyvilon
Fedhas
Gozag
Hepliaklqana
Kikubaaqudgha
Nemelex Xobeh
Okawaru
Qazlal
Trog
Uskayaw
Vehumet
Wu Jian
Xom
Zin
The Shining One

Shops:
D:1 (   D:2 (   D:7 *   D:8 [

Annotations:
D:3 3 runed translucent doors, zeratav's ghost, amateur SpAM
D:7 1 runed translucent door, ytrimaz's ghost, novice FoFi


Innate Abilities, Weirdness & Mutations

Your serpentine skin is tough. (AC +3)
You have supernaturally acute eyesight. (SInv)
Armour fits poorly on your strangely shaped body.
Your system is resistant to poisons. (rPois)
You cover ground very slowly.
You can spit poison.
You have a snake-like lower body.


Message History

The scorpion disappears in a puff of smoke! x3
* * * LOW HITPOINT WARNING * * *
You feel very sick.
The orange demon no longer looks unusually toxic.
The orange demon stings you but does no damage. x2
Your base Throwing skill increases to level 5!
Unknown command.
Casting: Stone Arrow (mildly dangerous; 6% risk of failure)
Confirm with . or Enter, or press ? or * to list all spells.
Aiming: Stone Arrow (mildly dangerous; 6% risk of failure)
Press: ? - help, Shift-Dir - straight line, f - orange demon
Aim: an orange demon (severely wounded, poisoned, 83% to hit)
The stone arrow hits the orange demon!
The orange demon is almost dead.
* * * LOW HITPOINT WARNING * * *
You feel very sick.
The orange demon stings you but does no damage.
Okay, then.
Reach: q) +1 scythe (venom)
Press: ? - help, Dir - move target, f/p - orange demon
Aim: an orange demon (almost dead, poisoned, about 33% to evade your +1 scythe of venom)
You reach to attack!
You hit the orange demon.
The orange demon looks even sicker.
The orange demon is almost dead.
You feel yourself speed up.
* * * LOW HITPOINT WARNING * * *
You feel very sick.
You kill the orange demon!
Your magical contamination has completely faded away.
Okay, then.
Okay, then.
* * * LOW HITPOINT WARNING * * *
You feel sick.
* * * LOW HITPOINT WARNING * * *
You feel sick.
* * * LOW HITPOINT WARNING * * *
You feel sick.
* * * LOW HITPOINT WARNING * * *
You feel sick.
You die...

######### #########
#....@..#######
#.......####.....).......#
#........................#
.........##''######..)...#
.........#........#......#
.........###......#......#
...........#......#......#
.#####.....#......#......#
>#, #.....#......#......#


There were no monsters in sight!

Vanquished Creatures
  A centaur warrior (D:8)
  Amaemon (D:9)
  A deep elf pyromancer (D:8)
  A cyclops (D:8)
  An orange demon (D:9)
  An unseen horror (D:8)
  A troll (D:8)
  Grinder (D:5)
  A hornet (D:7)
  Sigmund (D:4)
  A wraith (D:9)
  2 water moccasins
  An ice beast (D:7)
  2 black bears (D:7)
  3 orc warriors (D:8)
  A sky beast (D:7)
  3 ogres
  2 centaurs (D:8)
  A kobold brigand (D:7)
  3 bullfrogs
  3 necrophages
  A scorpion (D:5)
  10 wights
  A howler monkey (D:8)
  A hound (D:4)
  A gnoll shaman (D:6)
  3 orc priests
  Crazy Yiuf (D:2)
  3 iguanas
  7 orc wizards
  5 gnolls
  9 adders
  A worm (D:2)
  6 dart slugs
  37 orcs
  6 endoplasms
  A giant cockroach (D:2)
  9 goblins
  8 hobgoblins
  9 jackals
  10 kobolds
  A quokka (D:1)
  6 ball pythons
  6 bats
  3 frilled lizards
  6 rats
183 creatures vanquished.

Vanquished Creatures (others)
  4 fungi (D:2)
4 creatures vanquished.

Grand Total: 187 creatures vanquished

Notes
Turn   | Place    | Note
-------+----------+-------------------------------------------
     0 | D:1      | Shayle the Naga Warper began the quest for the Orb.
     0 | D:1      | Reached XP level 1. HP: 19/19 MP: 3/3
    47 | D:1      | Reached skill level 1 in Throwing
   177 | D:1      | Reached skill level 1 in Stealth
   194 | D:1      | Found Sudauw's Weapon Emporium.
   254 | D:1      | Reached XP level 2. HP: 25/26 MP: 5/5
  1127 | D:1      | Reached XP level 3. HP: 30/33 MP: 6/6
  1471 | D:2      | Found Toasm's Weapon Boutique.
  2115 | D:2      | Found a faded altar of an unknown god.
  2120 | D:2      | Reached XP level 4. HP: 40/40 MP: 7/7
  2256 | D:2      | Found a runed translucent door.
  2257 | D:2      | Noticed Crazy Yiuf
  2565 | D:3      | Found a runed translucent gate.
  2565 | D:3      | Found a runed translucent gate.
  2774 | D:3      | Learned a level 2 spell: Blink
  2777 | D:3      | Found a hide-covered altar of Uskayaw.
  2778 | D:3      | Found a white marble altar of Elyvilon.
  2778 | D:3      | Noticed zeratav's ghost (amateur SpAM)
  2793 | D:3      | Reached skill level 1 in Axes
  2889 | D:3      | Found a runed translucent gate.
  2990 | D:3      | Found an ornate altar of the Wu Jian Council.
  3261 | D:3      | Reached XP level 5. HP: 48/48 MP: 9/9
  3473 | D:3      | Reached skill level 3 in Fighting
  3852 | D:4      | Noticed Sigmund
  3868 | D:4      | Killed Sigmund
  3869 | D:4      | Reached XP level 6. HP: 27/56 MP: 6/10
  4581 | D:5      | Entered Level 5 of the Dungeon
  4748 | D:5      | Found a staircase to the Ecumenical Temple.
  4783 | Temple   | Entered the Ecumenical Temple
  4829 | Temple   | Became a worshipper of Ashenzari the Shackled
  4916 | D:5      | Noticed Grinder
  4922 | D:5      | Learned a level 3 spell: Stone Arrow
  4983 | D:6      | Reached XP level 7. HP: 56/63 MP: 12/12
  5096 | D:6      | Reached skill level 1 in Conjurations
  5096 | D:6      | Reached skill level 1 in Earth Magic
  5154 | D:6      | Found a snail-covered altar of Cheibriados.
  5280 | D:5      | Reached skill level 4 in Fighting
  5995 | D:6      | Found a glowing silver altar of Zin.
  6173 | D:6      | Identified the +0 robe of the Black Moon {rElec Int+8
                  | Slay+2}
  6328 | D:6      | Reached XP level 8. HP: 61/73 MP: 14/14
  6436 | D:7      | Reached skill level 1 in Armour
  6758 | D:7      | Reached skill level 1 in Shields
  7107 | D:7      | HP: 2/109 [water moccasin (6)]
  7874 | D:7      | Found Tomeloi's Serpentskin Sales.
  7892 | D:7      | Bought the Handbook of Poisoning for 240 gold pieces
  7898 | D:7      | Found a runed translucent door.
  7898 | D:7      | Found a shimmering altar of Xom.
  7898 | D:7      | Noticed ytrimaz's ghost (novice FoFi)
  7898 | D:7      | Noticed a +2 hand axe of chaos
  7980 | D:6      | Reached skill level 5 in Fighting
  8146 | D:7      | Learned a level 3 spell: Mephitic Cloud
  8257 | D:8      | Noticed a cyclops
  8270 | D:8      | Killed a cyclops
  8271 | D:8      | Reached skill level 1 in Air Magic
  8271 | D:8      | Reached skill level 1 in Poison Magic
  8271 | D:8      | Reached XP level 9. HP: 17/81 MP: 14/16
  9131 | D:2      | Killed Crazy Yiuf
  9402 | D:5      | Paralysed by Grinder for 3 turns
  9407 | D:5      | Paralysed by Grinder for 4 turns
  9421 | D:5      | Killed Grinder
  9568 | D:5      | Reached skill level 5 in Spellcasting
  9606 | D:5      | Found a hazy altar of Hepliaklqana.
  9632 | D:5      | Reached * piety under Ashenzari
  9833 | D:5      | Identified a scroll of acquirement
 10059 | D:8      | Noticed a hornet
 10074 | D:7      | Killed a hornet
 11391 | D:9      | Noticed a two-headed ogre
 11397 | D:9      | Reached ** piety under Ashenzari
 11426 | D:8      | Found Nijyahann's Antique Armour Emporium.
 11459 | D:8      | Reached XP level 10. HP: 44/82 MP: 19/19
 11513 | D:8      | Reached skill level 5 in Axes
 11754 | D:7      | Acquired 484 gold pieces
 11863 | D:7      | Learned a level 4 spell: Olgreb's Toxic Radiance
 12034 | D:8      | Bought an embroidered hat for 196 gold pieces
 12158 | D:8      | Noticed an unseen horror
 12176 | D:8      | Noticed a deep elf pyromancer
 12182 | D:8      | Killed an unseen horror
 12184 | D:8      | Killed a deep elf pyromancer
 12256 | D:8      | Reached skill level 6 in Fighting
 12404 | D:8      | Identified the +6 scale mail "Aqoagg" {Will+ SInv}
 12470 | D:8      | Noticed a centaur warrior
 12492 | D:8      | Killed a centaur warrior
 12993 | D:9      | Noticed Amaemon
 12996 | D:9      | Noticed an orange demon
 13019 | D:9      | Killed Amaemon
 13020 | D:9      | Reached skill level 5 in Throwing
 13021 | D:9      | Killed an orange demon
 13022 | D:9      | HP: 3/94 [poisoned by Amaemon]
 13025 | D:9      | HP: 1/94 [poisoned by Amaemon]
 13026 | D:9      | Succumbed to Amaemon's poison

Illustrated notes

Levels and vault maps discovered:
D:1:      dpeg_arrival_solitude, layout_basic, serial_shops, shop
D:2:      layout_loops_ring, serial_shops, nicolae_shop_bloodbath_and_beyond,
          hellmonk_ecumenical_altar_run_dry, uniq_crazy_yiuf_cottage
D:3:      layout_basic, chequers_temple_overflow_statue_of_worship,
          old_standard_altar, gammafunk_ghost_icy
D:4:      layout_loops_ring, grunt_decor_arrowhead, uniq_sigmund
D:5:      layout_basic, old_standard_altar, temple_green, ldierk_geyser,
          uniq_grinder
D:6:      layout_rooms, mainiacjoe_overflow_small_starburst, old_standard_altar,
          hangedman_decor_peaks_small, kennysheep_pointless_box
D:7:      kennysheep_spiral_hall, layout_rooms, ebering_ghost_xom,
          guppyfry_shop_venom
D:8:      minmay_slanted_spiral_squares, layout_cave_pools, serial_shops,
          kennysheep_mini
D:9:      layout_irregular_city, lair_entry_dummy, lemuel_flamethrower_2,
          uniq_amaemon
Temple:   kb_temple_of_zot

Skill      XL: |  1  2  3  4  5  6  7  8  9 10 |
---------------+-------------------------------+-----
Throwing       | 1 2 3 4 5 |  5.0
Stealth        | 1 2 4 |  4.5
Axes           | 1 2 3 4 5 |  5.6
Fighting       | 3 4 5 6 |  6.3
Spellcasting   | 3 4 5 |  5.9
Conjurations   | 2 3 4 |  4.9
Earth Magic    | 2 3 4 |  4.9
Armour         | 2 3 |  3.8
Shields        | 2 |  2.9
Air Magic      | 1 2 3 |  3.6
Poison Magic   | 1 3 4 |  4.8
Dodging        | |  1.5
Unarmed Combat | |  2.0
Translocations | |  3.0

Action                   |  1- 3 |  4- 6 |  7- 9 | 10-12 || total
-------------------------+-------+-------+-------+-------++-------
Melee: Whip              |    65 |       |       |       ||    65
       Punch             |     3 |     4 |     2 |       ||     9
       Broad axe         |    66 |   118 |   111 |       ||   295
       Halberd           |       |       |   212 |    87 ||   299
Throw: Boomerang         |       |     2 |    12 |     1 ||    15
       Dart              |       |       |    10 |       ||    10
 Cast: Blink             |       |     1 |     2 |     1 ||     4
       Stone Arrow       |       |       |    16 |    19 ||    35
       Mephitic Cloud    |       |       |     9 |     6 ||    15
       Olgreb's Toxic Ra |       |       |       |     4 ||     4
Invok: Curse Item        |       |       |     3 |       ||     3
 Abil: Spit Poison       |    13 |    30 |    22 |       ||    65
  Use: Scroll            |     2 |    10 |     3 |     2 ||    17
       Potion            |       |     1 |     8 |       ||     9
 Stab: Sleeping          |     1 |       |     1 |       ||     2
       Confused          |       |       |     1 |     4 ||     5
Armor: Ring mail         |    76 |    77 |   191 |    34 ||   378
       Skin              |       |       |    29 |       ||    29
       Scale mail        |       |       |       |    70 ||    70
Dodge: Dodged            |    67 |    67 |   161 |    44 ||   339
Block: Other             |       |       |    81 |    30 ||   111
       Reflection        |       |       |     7 |     2 ||     9

Table legend: (Time is in decaauts)
 A = Elapsed time spent in this place.
 B = Non-inter-level travel time spent in this place.
 C = Inter-level travel time spent in this place.
 D = Time resting spent in this place.
 E = Time spent auto-exploring this place.
 F = Levels seen in this place.
 G = Mean time per level.
                   A        B        C        D        E       F      G
               +--------+--------+--------+--------+--------+-----+--------+
         Total |  15671 |  14935 |    736 |   5094 |   6368 |  10 | 1567.1 |
       Dungeon |  15561 |  14871 |    690 |   5094 |   6323 |   9 | 1729.0 |
        Temple |    110 |     65 |     45 |      0 |     44 |   1 |  110.0 |
               +--------+--------+--------+--------+--------+-----+--------+

Top non-repeatable levels by time:
     D:7: 2945 daAuts
     D:8: 2448 daAuts
     D:5: 1890 daAuts
     D:1: 1712 daAuts
     D:2: 1546 daAuts
     D:4: 1491 daAuts
     D:6: 1485 daAuts
     D:3: 1391 daAuts
     D:9: 649 daAuts
  Temple: 110 daAuts
